 Dungeon Sprint DCSS version 0.23-a0-164-g7711e57 (webtiles) character file.

5083 emperorscorpion the Eclecticist (level 10, -13/50 HPs)
             Began as a Deep Elf Air Elementalist on Sept 10, 2018.
             Was a High Priest of Sif Muna.
             Mangled by an orc warrior
             ... wielding a +0 dire flail
              (27 damage)
             ... in the Dungeon (Sprint IX: "|||||||||||||||||||||||||||||").
             The game lasted 00:09:10 (653 turns).

emperorscorpion the Eclecticist (DEAE)               Turns: 653, Time: 00:09:11

Health: -13/50     AC:  5    Str:  5    XL:     10   Next: 31%
Magic:  20/35      EV: 15    Int: 24    God:    Sif Muna [*****.]
Gold:   600        SH:  0    Dex: 15    Spells: 23/48 levels left

rFire    . . .     SeeInvis .   a - +2 scimitar (flame)
rCold    . . .     Gourm    .   (no shield)
rNeg     . . .     Faith    .   C - +0 robe {MR+}
rPois    .         Spirit   .   o - +0 helmet
rElec    .         Reflect  .   (no cloak)
rCorr    .         Harm     .   (no gloves)
MR       ++...     NoTele   +   (no boots)
Stlth    ++........             (no amulet)
HPRegen  0.16/turn              q - +2 ring of evasion
MPRegen  0.24/turn              r - +2 ring of protection

@: no status effects
A: no striking features
a: Divine Energy, Channel Magic, Forget Spell, Renounce Religion


You were in the Dungeon.
You worshipped Sif Muna.
Sif Muna was extremely pleased with you.
You were not hungry.

You visited 1 branch You collected 600 gold pieces.

Inventory:

Hand Weapons
 a - a +2 scimitar of flaming (weapon)
 w - the +10 zealot's sword {holy, *Rage rN+ EV+3}
   (You found it in the Dungeon)

   It has been blessed by the Shining One to cause great damage to the undead
   and demons.
   It affects your evasion (+3).
   It protects you from negative energy.
   It may make you go berserk in combat.
Armour
 n - a +0 robe
 o - a +0 helmet (worn)
 p - a +2 ring mail
 B - a +0 pair of gloves
 C - a +0 robe of magic resistance (worn)
Magical Staves
 b - an uncursed staff of energy
Jewellery
 q - a +2 ring of evasion (left hand)
 r - a +2 ring of protection (right hand)
Wands
 l - a wand of acid (7)
 A - a wand of paralysis (21)
Scrolls
 i - 4 scrolls of blinking
 j - 3 scrolls of remove curse
 k - 2 scrolls of amnesia
 v - a scroll of immolation
 x - a scroll of fog
 y - 2 scrolls of enchant armour
 z - a scroll of fear
Potions
 d - 5 potions of curing
 e - 5 potions of heal wounds
 f - 2 potions of haste
 g - 4 potions of magic
 h - a potion of invisibility
 s - a potion of mutation
 t - a potion of resistance
 u - a potion of brilliance
Comestibles
 c - 12 rations
 m - 4 chunks of flesh


   Skills:
 - Level 2.4 Dodging
 - Level 2.4 Stealth
 + Level 19.9 Spellcasting
 - Level 12.2 Conjurations
 * Level 4.0 Translocations
 - Level 4.7 Ice Magic
 - Level 6.6 Air Magic
 - Level 12.5 Invocations


You had 23 spell levels left.
You knew the following spells:

 Your Spells              Type           Power        Failure   Level  Hunger
a - Shock                 Conj/Air       ####         1%          1    None
b - Swiftness             Chrm/Air       #####...     1%          2    None
c - Airstrike             Air            ######....   1%          4    None
d - Lightning Bolt        Conj/Air       ######....   1%          5    None
e - Freezing Cloud        Conj/Ice/Air   ######....   12%         6    ###....
f - Malign Gateway        Summ/Tloc      ####......   100%        7    #####..

Your spell library contained the following spells:

 Spells                   Type           Power        Failure   Level  Hunger
 Sandblast                Erth           ###...       1%          1    None
 Throw Flame              Conj/Fire      ######       1%          2    None
 Throw Frost              Conj/Ice       ######       1%          2    None
 Static Discharge         Conj/Air       ######..     1%          3    None
 Stone Arrow              Conj/Erth      ######       1%          3    None
 Passwall                 Tmut/Erth      ###.....     3%          2    None
 Fireball                 Conj/Fire      ######....   4%          5    None
 Irradiate                Conj/Tmut      ######....   4%          5    None
 Petrify                  Tmut/Erth      ###.....     19%         4    None
 Poison Arrow             Conj/Pois      ######....   24%         6    ###....
 Ozocubu's Refrigeration  Ice            #####.....   38%         6    ###....
 Aura of Abjuration       Summ           ###.......   47%         5    None
 Lee's Rapid Deconstruct  Erth           ###.......   47%         5    None
 Simulacrum               Ice/Necr       #####.....   73%         6    ###....
 Spellforged Servitor     Conj/Summ      ######....   78%         7    #####..
 Death Channel            Necr           ###.......   96%         6    ###....
 Shadow Creatures         Summ           N/A          96%         6    ###....


Dungeon Overview and Level Annotations

Branches:
Dungeon (1/1)

Altars:
Cheibriados
Dithmenos
Elyvilon
Fedhas
Gozag
Hepliaklqana
Kikubaaqudgha
Makhleb
Nemelex Xobeh
Okawaru
Qazlal
Ru
Sif Muna
Trog
Uskayaw
Vehumet
Wu Jian
Xom
Yredelemnul
Zin
The Shining One
Beogh
Jiyva
Lugonu


Message History

Press: ? - help, Shift-Dir - straight line, f/p - orc warrior
Aim: an orc warrior, wielding a dire flail and wearing a chain mail (almost You hear a mighty clap of thunder!
The bolt of lightning hits the orc warrior.
The orc warrior is almost dead.
The bolt of lightning misses the orc warrior.
Casting: Lightning Bolt (safe; 1% risk of failure)
Confirm with . or Enter, or press ? or * to list all spells.
Aiming: Lightning Bolt (safe; 1% risk of failure)
Press: ? - help, Shift-Dir - straight line, f/p - orc warrior
Aim: an orc warrior, wielding a dire flail and wearing a chain mail (almost You hear a mighty clap of thunder!
The bolt of lightning misses the orc warrior.
The bolt of lightning hits the orc warrior.
You kill the orc warrior!
Sif Muna accepts your kill.
Your Translocations skill increases to level 4!
The orc warrior hits you with a dire flail!!
Ouch! That really hurt!
You die...

▓_▓.▓÷▓.▓
▓_▓.▓.▓.▓o▓
▓_▓.▓.▓.▓)▓
▓_▓.▓†▓.▓)▓
▓_▓.▓†▓.▓)▓
▓_▓.▓.▓.▓)▓
▓_▓.▓.▓.▓)▓
▓_▓.▓.▓.▓o▓
▓_▓.▓.▓.▓@▓
▓_▓.▓.▓.▓.▓
▓_▓.▓†▓.▓.▓
▓_▓.▓†▓.▓.▓
▓_▓.▓.▓.▓)▓
▓_▓.▓†▓.▓.▓
▓_▓.▓.▓.▓[▓
▓_▓.▓.▓.▓)▓
▓_▓.▓.▓.▓)▓


You could see an orc warrior and an orc.

Vanquished Creatures
  A hydra (D)
  An unseen horror (D)
  A komodo dragon (D)
  2 polar bears (D)
  A hungry ghost (D)
  A naga (shapeshifter) (D)
  5 water moccasins (D)
  3 porcupines (D)
  5 orc warriors (D)
  6 black bears (D)
  An ogre (D)
  3 wolves (D)
  4 crocodiles (D)
  A big kobold (D)
  2 bullfrogs (D)
  3 orc priests (D)
  A gnoll shaman (D)
  A hound (D)
  5 orc wizards (D)
  An adder (D)
  2 adder skeletons (D)
  A dart slug (D)
  8 orcs (D)
  A hobgoblin (D)
  A quokka (D)
  A bat (D)
  A jackal skeleton (D)
  A kobold (D)
  A quokka skeleton (D)
  A quokka zombie (D)
  A rat (D)
67 creatures vanquished.

Notes
Turn   | Place    | Note
-------+----------+-------------------------------------------
     0 | D        | emperorscorpion the Deep Elf Air Elementalist began the
                  | quest for the Orb.
     0 | D        | Reached XP level 1. HP: 10/10 MP: 6/6
     5 | D        | Reached skill level 4 in Spellcasting
     6 | D        | Reached skill level 5 in Spellcasting
    15 | D        | Noticed an orc wizard
    27 | D        | Reached XP level 2. HP: 13/15 MP: 2/10
    31 | D        | Reached skill level 6 in Spellcasting
    32 | D        | Reached skill level 7 in Spellcasting
    36 | D        | Reached skill level 8 in Spellcasting
    36 | D        | Reached XP level 3. HP: 7/19 MP: 1/15
    53 | D        | Found a roughly hewn altar of Beogh.
    53 | D        | Found a snail-covered altar of Cheibriados.
    53 | D        | Found a shadowy altar of Dithmenos.
    53 | D        | Found a white marble altar of Elyvilon.
    53 | D        | Found a blossoming altar of Fedhas.
    53 | D        | Found an opulent altar of Gozag.
    54 | D        | Found a hazy altar of Hepliaklqana.
    55 | D        | Found a viscous altar of Jiyva.
    56 | D        | Found an ancient bone altar of Kikubaaqudgha.
    57 | D        | Found a corrupted altar of Lugonu.
    58 | D        | Found a burning altar of Makhleb.
    59 | D        | Found a sparkling altar of Nemelex Xobeh.
    60 | D        | Found an iron altar of Okawaru.
    61 | D        | Found a stormy altar of Qazlal.
    62 | D        | Found a sacrificial altar of Ru.
    63 | D        | Found a deep blue altar of Sif Muna.
    64 | D        | Found a bloodstained altar of Trog.
    65 | D        | Found a hide-covered altar of Uskayaw.
    66 | D        | Found a radiant altar of Vehumet.
    67 | D        | Found an ornate altar of the Wu Jian Council.
    68 | D        | Found a shimmering altar of Xom.
    69 | D        | Found a basalt altar of Yredelemnul.
    70 | D        | Found a glowing silver altar of Zin.
    71 | D        | Found a glowing golden altar of the Shining One.
    73 | D        | Became a worshipper of Sif Muna the Loreminder
    77 | D        | Learned a level 2 spell: Swiftness
   115 | D        | Noticed an ogre
   142 | D        | Killed an ogre
   142 | D        | Reached * piety under Sif Muna
   142 | D        | Reached skill level 11 in Spellcasting
   142 | D        | Reached skill level 5 in Conjurations
   142 | D        | Reached XP level 4. HP: 14/24 MP: 8/19
   143 | D        | Reached XP level 5. HP: 17/28 MP: 7/21
   150 | D        | Reached ** piety under Sif Muna
   150 | D        | Reached skill level 12 in Spellcasting
   171 | D        | Learned a level 5 spell: Lightning Bolt
   178 | D        | Learned a level 4 spell: Airstrike
   201 | D        | Noticed a basilisk
   201 | D        | Noticed a hungry ghost
   219 | D        | Killed a hungry ghost
   219 | D        | Reached *** piety under Sif Muna
   219 | D        | Reached skill level 13 in Spellcasting
   219 | D        | Reached skill level 5 in Invocations
   219 | D        | Reached XP level 6. HP: 22/32 MP: 1/24
   222 | D        | Noticed a naga
   224 | D        | Reached skill level 14 in Spellcasting
   225 | D        | Killed an unseen horror
   225 | D        | Reached **** piety under Sif Muna
   225 | D        | Reached skill level 16 in Spellcasting
   225 | D        | Reached XP level 7. HP: 24/36 MP: 9/28
   225 | D        | Reached XP level 8. HP: 27/41 MP: 9/30
   329 | D        | Found the +10 zealot's sword {holy, *Rage rN+ EV+3}
   355 | D        | Noticed a five-headed hydra
   357 | D        | Reached ***** piety under Sif Muna
   357 | D        | Identified Kodicen's Compendium of Arcane Weapons (Sif Muna
                  | gifted it to you in the Dungeon)
   357 | D        | Received a gift from Sif Muna
   394 | D        | Reached skill level 10 in Invocations
   394 | D        | Reached skill level 17 in Spellcasting
   395 | D        | Killed a five-headed hydra
   395 | D        | Reached skill level 18 in Spellcasting
   395 | D        | Reached skill level 10 in Conjurations
   395 | D        | Reached XP level 9. HP: 27/45 MP: 9/33
   396 | D        | Identified Sif Muna's Advanced Witchcraft (Sif Muna gifted
                  | it to you in the Dungeon)
   396 | D        | Received a gift from Sif Muna
   413 | D        | Learned a level 6 spell: Freezing Cloud
   432 | D        | Noticed a komodo dragon
   436 | D        | Reached skill level 1 in Ice Magic
   442 | D        | Killed a komodo dragon
   442 | D        | Identified Sif Muna's Disquisition on Shifting Companions
                  | (Sif Muna gifted it to you in the Dungeon)
   442 | D        | Received a gift from Sif Muna
   442 | D        | Reached skill level 19 in Spellcasting
   442 | D        | Reached skill level 5 in Air Magic
   471 | D        | Noticed a polar bear
   473 | D        | Noticed a polar bear
   474 | D        | Killed a polar bear
   475 | D        | Reached XP level 10. HP: 29/50 MP: 15/35
   524 | D        | Learned a level 7 spell: Malign Gateway
   604 | D        | Reached skill level 1 in Translocations
   604 | D        | Received a gift from Sif Muna
   653 | D        | Mangled by an orc warrior

Vault maps used:
D:        linesprint

Skill      XL: |  1  2  3  4  5  6  7  8  9 10 |
---------------+-------------------------------+-----
Spellcasting   | 5 8 11 13 16 18 19 | 19.9
Conjurations   | 3 5 7 8 9 10 11 12 | 12.2
Invocations    | 5 9 11 12 | 12.5
Ice Magic      | 4 |  4.7
Air Magic      | 6 |  6.6
Translocations | 4 |  4.0
Dodging        | |  2.4
Stealth        | |  2.4

Action                   |  1- 3 |  4- 6 |  7- 9 | 10-12 || total
-------------------------+-------+-------+-------+-------++-------
Melee: Unarmed           |     5 |       |       |       ||     5
       Scimitar          |       |     5 |       |       ||     5
       Eudemon blade     |       |       |     6 |       ||     6
 Cast: Shock             |    12 |    13 |       |       ||    25
       Swiftness         |     1 |     1 |     3 |       ||     5
       Lightning Bolt    |       |     2 |    17 |    19 ||    38
       Freezing Cloud    |       |       |     1 |       ||     1
Invok: Channel Magic     |       |     1 |     2 |     2 ||     5
Evoke: Wand              |       |     3 |       |       ||     3
  Use: Potion            |     1 |       |       |       ||     1
  Eat: Chunk             |       |       |       |     1 ||     1
Armor: Robe              |       |     1 |     4 |     1 ||     6
Dodge: Dodged            |     1 |     7 |    10 |     1 ||    19
       Rpst.: Scimitar   |       |     3 |     1 |       ||     4
       Eudemon blade     |       |       |     4 |       ||     4

Table legend:
 A = Non-vault XP
 B = Vault XP
 C = Vault XP percentage of total XP
 D = Non-vault monster count
 E = Vault monster count
 F = Vault count percentage of total count
                 A         B        C        D         E       F
            +---------+---------+-------+---------+---------+-------
      Total |       0 |    7262 | 100.0 |       0 |      67 | 100.0
            +---------+---------+-------+---------+---------+-------
          D |       0 |    7262 | 100.0 |       0 |      67 | 100.0
            +---------+---------+-------+---------+---------+-------
